Map: Ascension to Aiur LE

Players

Scarlett - Winner!

  • Race: Zerg Zerg
  • League: Diamond
  • Spawn Location: 11:00

FeaR

  • Race: Protoss Protoss
  • League: Master
  • Spawn Location: 5:00

Event: HomeStory Cup XVI

VOD

Have the link to the VOD?

Description

Time

  • Played on: Nov. 10, 2017, 5:02 p.m.
  • Length: 9:28

All games in this series

Show
View Real Time Build Order
Export as new Build Order

Scarlett Zerg - Winner!

Build Orders: Hatch First, Ravager All-In 

Get SALT Encoding   

  12  0:00  Drone  
  13  0:13  Overlord  
  13  0:17  Drone  
  14  0:31  Drone x2  
  16  0:36  Drone  
  17  0:53  Hatchery  
  16  0:57  Drone  
  16  1:00  Drone  
  18  1:13  Spawning Pool  
  18  1:14  Extractor  
  16  1:21  Drone  
  16  1:22  Drone  
  18  1:30  Drone  
  19  1:43  Drone  
  19  1:45  Extractor  
  19  1:53  Drone  
  20  2:01  Drone, Roach Warren  
  20  2:05  Queen, Zergling x2  
  23  2:11  Overlord  
  23  2:24  Drone  
  23  2:29  Drone  
  25  2:41  Roach x2  
  30  2:48  Spine Crawler  
  30  2:50  Roach  
  31  2:57  Roach  
  31  3:06  Overlord  
  31  3:08  Overlord  
  31  3:23  Overlord  
  29  3:27  Roach  
  29  3:29  Ravager x3  
  29  3:31  Roach x2  
  29  3:32  Ravager  
  39  3:49  Ravager  
  39  3:52  Ravager  
  39  3:54  Drone x2  
  43  4:07  Drone  
  43  4:09  Ravager  
  45  4:14  Hatchery  
  44  4:19  Roach  
  44  4:21  Queen  
  42  4:46  Ravager, Drone  
  42  4:47  Drone x2  
  46  5:01  Queen, Drone  
  46  5:20  Drone x2, Metabolic Boost  
  48  5:29  Queen, Drone  
  51  5:42  Lair, Drone x2  
  53  5:43  Drone x3  
  56  5:52  Drone  
  57  6:05  Hatchery  
  57  6:06  Drone x2  
  57  6:08  Overlord  
  58  6:15  Overlord x2  
  58  6:21  Drone x2  
  60  6:28  Zergling x8  
  60  6:29  Queen  
  66  6:39  Drone x4  
  70  6:41  Extractor  
  70  6:45  Spire  
  68  6:51  Drone x4  
  72  6:54  Extractor  
  72  7:00  Overseer  
  71  7:07  Drone x2  
  73  7:18  Zergling x14  
  73  7:19  Overseer  
  73  7:21  Overlord  
  80  7:34  Overlord  
  80  7:39  Drone x6  
  80  7:42  Overlord  
  85  7:53  Overlord  
  85  8:00  Zergling x10  
  87  8:17  Corruptor x7  
  87  8:18  Corruptor x2  
  104  8:25  Drone  
  104  8:26  Drone x4  
  109  8:33  Extractor x2  
  107  8:34  Drone  
  107  8:35  Drone x4  
  107  8:38  Drone  
  107  8:41  Overlord  
  111  9:01  Mutalisk x6  
  117  9:03  Drone x3  
Show
View Real Time Build Order
Export as new Build Order

FeaR Protoss 

Build Orders:  

Get SALT Encoding   

  12  0:02  Probe (Chrono Boost)  
  14  0:14  Probe (Chrono Boost)  
  14  0:18  Pylon  
  14  0:26  Probe (Chrono Boost)  
  15  0:32  Probe (Chrono Boost)  
  15  0:38  Gateway  
  15  0:41  Probe (Chrono Boost)  
  17  0:52  Assimilator  
  17  0:53  Probe (Chrono Boost)  
  18  1:03  Probe (Chrono Boost)  
  19  1:09  Probe (Chrono Boost)  
  20  1:19  Probe (Chrono Boost)  
  20  1:21  Pylon  
  21  1:27  Zealot  
  21  1:28  Cybernetics Core  
  24  1:40  Assimilator  
  24  1:41  Probe (Chrono Boost)  
  24  1:51  Pylon  
  24  1:52  Zealot  
  24  1:53  Probe (Chrono Boost)  
  27  2:05  Probe (Chrono Boost)  
  28  2:10  Shield Battery x2  
  28  2:11  Adept  
  28  2:21  Robotics Facility  
  29  2:43  Probe (Chrono Boost)  
  32  2:53  Warp Gate  
  32  2:59  Immortal  
  32  3:00  Gateway  
  32  3:07  Stalker, Pylon  
  33  3:30  Pylon  
  33  3:32  Shield Battery  
  32  3:38  Shield Battery  
  36  3:41  Immortal  
  36  3:52  Pylon  
  36  3:55  Probe (Chrono Boost)  
  37  4:06  Pylon  
  38  4:10  Probe (Chrono Boost)  
  38  4:21  Pylon  
  38  4:26  Pylon  
  36  4:41  Probe (Chrono Boost)  
  36  4:45  Immortal  
  37  4:51  Pylon  
  38  4:54  Probe (Chrono Boost)  
  38  4:58  Pylon  
  38  4:59  Pylon  
  38  5:02  Pylon  
  38  5:04  Robotics Bay  
  38  5:15  Probe (Chrono Boost)  
  38  5:22  Stalker  
  40  5:31  Observer  
  40  5:38  Probe (Chrono Boost)  
  42  5:49  Nexus  
  43  5:51  Probe (Chrono Boost)  
  43  5:54  Disruptor  
  43  5:55  Stargate  
  46  6:01  Sentry  
  49  6:04  Probe (Chrono Boost)  
  49  6:16  Probe (Chrono Boost), Pylon  
  50  6:20  Pylon  
  50  6:21  Disruptor  
  50  6:28  Probe (Chrono Boost)  
  54  6:38  Sentry  
  57  6:40  Probe (Chrono Boost)  
  57  6:53  Probe (Chrono Boost)  
  58  6:59  Disruptor  
  58  7:00  Phoenix  
  61  7:05  Probe x2 (Chrono Boost)  
  61  7:06  Assimilator  
  63  7:10  Assimilator  
  66  7:17  Probe (Chrono Boost)  
  66  7:19  Probe (Chrono Boost)  
  67  7:29  Probe (Chrono Boost)  
  68  7:32  Probe (Chrono Boost)  
  68  7:36  Observer  
  70  7:39  Phoenix  
  73  7:44  Probe (Chrono Boost)  
  73  7:46  Probe (Chrono Boost)  
  74  7:56  Warp Prism, Probe (Chrono Boost)  
  78  7:58  Probe (Chrono Boost)  
  78  8:01  Adept  
  78  8:02  Phoenix  
  76  8:18  Zealot  
  76  8:19  Phoenix  
  72  8:31  Twilight Council  
  72  8:32  Zealot  
  77  8:44  Phoenix  
  77  8:48  Probe (Chrono Boost)  
  79  8:52  Zealot  
  71  9:12  Probe (Chrono Boost)  
  71  9:13  Probe (Chrono Boost)  
Tags
 
Add a new tag
Caveats
  • Supply blocks, unpowered buildings, or Contaminate may cause inaccurate times.
  • Supply counts are checked every 10 seconds.